 Dungeon Crawl Stone Soup version 0.17-a0-2064-g265a032 (webtiles) character file.

16 Impoz the Caller (level 2, -2/17 HPs)
             Began as an Octopode Summoner on Oct 13, 2015.
             Slain by a worker ant (5 damage)
             ... on level 1 of the Dungeon.
             The game lasted 00:05:48 (1705 turns).

Impoz the Caller (Octopode Summoner)                Turns: 1705, Time: 00:05:48

Health: -2/17      AC:  1    Str:  7    XL:     2   Next: 54%
Magic:  5/5        EV: 12    Int: 17    God:
Gold:   68         SH:  3    Dex: 12    Spells: 2 memorised, 2 levels left

rFire  . . .     SeeInvis .     i - +0 spear
rCold  . . .     Clarity  .     c - +0 buckler
rNeg   . . .     SustAt   +     (helmet restricted)
rPois  .         Gourm    .     (no amulet)
rElec  .         Spirit   .     e - ring of sustain attributes
rCorr  .         Warding  .     (no ring)
rMut   .         Stasis   .     (no ring)
MR     .....                    (no ring)
Stlth  +++.......               (no ring)
                                (no ring)
                                (no ring)
                                (no ring)

@: lethally poisoned (-2 -> -8), not resistant to hostile enchantments, fairly
stealthy
A: almost no armour, amphibious, 8 rings, constrict 8, camouflage 1, gelatinous
body 1
a: no special abilities


You were on level 1 of the Dungeon.
You were hungry.

You visited 1 branch of the dungeon, and saw 1 of its levels.

You collected 68 gold pieces.

Inventory:

Hand Weapons
 g - a +0 short sword
 i - a +0 spear (weapon)
Missiles
 d - a javelin of returning (quivered)
Armour
 c - a +0 buckler (worn)
Jewellery
 e - a ring of sustain attributes (left tentacle)
Scrolls
 h - a scroll of enchant armour {unknown}
Potions
 f - a potion of invisibility {unknown}
 k - a potion of magic {unknown}
Books
 a - a book of Callings

   Spells                             Type                      Level
   a - Summon Small Mammal            Summoning                    1
   b - Call Imp                       Summoning                    2
   c - Call Canine Familiar           Summoning                    3
   d - Summon Guardian Golem          Hexes/Summoning              3
   e - Summon Lightning Spire         Summoning/Air                4
   f - Summon Ice Beast               Ice/Summoning                4
Comestibles
 b - a bread ration


   Skills:
 + Level 2.2 Dodging
 - Level 3.0 Stealth
 * Level 1.2 Shields
 + Level 2.1 Spellcasting
 + Level 4.0 Summonings


You had 2 spell levels left.
You knew the following spells:

 Your Spells              Type           Power        Failure   Level  Hunger
a - Summon Small Mammal   Summ           ###.         6%          1    #......
b - Call Imp              Summ           ###.....     10%         2    ###....


Dungeon Overview and Level Annotations

Branches:
Dungeon (1/15)

Altars:


Innate Abilities, Weirdness & Mutations

You cannot wear most types of armour.
You are amphibious.
You can wear up to eight rings at the same time.
You can use your tentacles to constrict eight enemies at once.
Your skin changes colour to match your surroundings (Stealth).
Your rubbery body absorbs attacks (AC +1).


Message History

You hit the worker ant. You squeeze the worker ant.
The worker ant is severely wounded.
You constrict the worker ant. The worker ant barely misses you.
You hit the worker ant but do no damage.
The worker ant is severely wounded.
You constrict the worker ant, but do no damage.
You feel sick. You block the worker ant's attack.
You hit the worker ant but do no damage.
The worker ant is severely wounded.
You constrict the worker ant, but do no damage.
You block the worker ant's attack. The worker ant bites you.
* * * LOW HITPOINT WARNING * * *
You are too injured to fight recklessly!
Unknown command.
You hit the worker ant but do no damage.
The worker ant is severely wounded.
You constrict the worker ant.
* * * LOW HITPOINT WARNING * * *
You feel sick. The worker ant bites you.
You die...

.##......###.## #...##
.##......##...#####....####
.#####'###..8..#..'....'..#
.# #.##.......#.#....##.#
.# #............#....##.#
.# #......8.....#....##.#
######.#....<.....#.....#.#
.......#.8.....8..#.....#.#
########...≈≈≈.a@.##+##.#.#
........##≈≈§§≈##.##.##.#.#
#######.##§≈≈≈≈##.##.##>#.#
#.##≈§(§≈##.##.##.#
#.#########.....#.#
#.##########......#
######.#.......#.......#
##....#.#.#####.#......##
......#.#.#####.#......#


You could see a worker ant.

Vanquished Creatures
  A giant gecko (D:1)
  A giant cockroach (D:1)
  3 hobgoblins (D:1)
  A bat (D:1)
  A goblin (D:1)
  A rat (D:1)
8 creatures vanquished.

Vanquished Creatures (collateral kills)
  A worm (D:1)
  A giant gecko (D:1)
  A ball python (D:1)
  A giant newt (D:1)
  2 goblins (D:1)
  A kobold (D:1)
7 creatures vanquished.

Grand Total: 15 creatures vanquished

Notes
Turn   | Place    | Note
--------------------------------------------------------------
     0 | D:1      | Impoz the Octopode Summoner began the quest for the Orb.
     0 | D:1      | Reached XP level 1. HP: 11/11 MP: 3/3
   783 | D:1      | Reached XP level 2. HP: 3/17 MP: 1/5
   790 | D:1      | Learned a level 2 spell: Call Imp
  1078 | D:1      | Reached skill level 1 in Shields
  1705 | D:1      | Slain by a worker ant

Vault maps used:
D:1:      grunt_arrival_lava_bath

Action                   || total
-------------------------++-------
Melee: Unarmed           ||    10
       Spear             ||    34
Throw: Javelin           ||     5
 Cast: Summon Small Mamm ||     9
       Call Imp          ||     6
 Stab: Sleeping          ||     1
  Eat: Chunk             ||     2
